 Dungeon Crawl Stone Soup version 0.30-a0-1018-g25214051b3 (webtiles) character file.

Game seed: 1856440630469550646

177 odemus the Conjurer (level 5, -15/36 HPs)
             Began as a Human Conjurer on Apr 7, 2023.
             Was an Initiate of Nemelex Xobeh.
             Killed by an exploding phantom (45 damage)
             ... ignited by their inner flame
             ... on level 4 of the Dungeon.
             The game lasted 00:37:30 (3378 turns).

odemus the Conjurer (Human Conjurer)                Turns: 3378, Time: 00:37:35

Health: -15/36     AC:  3    Str:  7    XL:     5   Next: 88%
Magic:  6/9        EV: 17    Int: 21    God:    Nemelex Xobeh [......]
Gold:   108        SH:  0    Dex: 11    Spells: 0/10 levels left

rFire   . . .      SeeInvis .    h - +2 dagger (protect)
rCold   . . .      Faith    .    (no shield)
rNeg    . . .      Spirit   .    a - +0 robe
rPois   .          Reflect  .    (no helmet)
rElec   .          Rampage  .    (no cloak)
rCorr   .                        f - +0 pair of gloves
Will    .....                    (no boots)
Stlth   ++                       (no amulet)
HPRegen 0.26/turn                o - +5 ring of evasion
MPRegen 0.11/turn                (no ring)

@: attractive
A: no striking features
a: Renounce Religion, Draw Escape, Draw Destruction, Draw Summoning


You were on level 4 of the Dungeon.
You worshipped Nemelex Xobeh.
Nemelex Xobeh was noncommittal.
You visited 1 branch of the dungeon, and saw 4 of its levels.

You collected 108 gold pieces.

Inventory:

Hand Weapons
 h - a +2 dagger of protection (weapon)
Armour
 a - a +0 robe (worn)
 f - a +0 pair of gloves (worn)
 q - an orb of guile
Jewellery
 o - a +5 ring of evasion (left hand)
Scrolls
 j - a scroll of amnesia
 l - a scroll of noise
Potions
 e - a potion of invisibility {unknown}
 g - a potion of might {unknown}
 n - a potion of brilliance {unknown}
 p - a potion of curing {unknown}
 r - 2 potions of flight {unknown}
 s - a potion of mutation {unknown}
 t - a potion of ambrosia {unknown}


   Skills:
 + Level 0.4 Fighting
 + Level 0.2 Short Blades
 + Level 2.5 Dodging
 * Level 3.0 Stealth
 + Level 3.2 Spellcasting
 + Level 5.2 Conjurations


You couldn't memorise any spells.
You knew the following spells:

 Your Spells              Type           Power      Damage    Failure   Level
a - Magic Dart            Conj           100%       1d8       1%          1
b - Searing Ray           Conj           50%        2d6       2%          2
c - Fulminant Prism       Conj/Hex       7%         3d7       41%         4
d - Dazzling Flash        Conj/Hex       28%        N/A       13%         3

Your spell library contained the following spells:

 Spells                   Type           Power      Damage    Failure   Level
 Iskenderun's Mystic Bla  Conj/Tloc      14%        2d5       41%         4


Dungeon Overview and Level Annotations

Branches:
Dungeon (4/15)
 Temple: D:4-7

Altars:
Cheibriados
Gozag
Nemelex Xobeh
Okawaru
Trog


Message History

You stop ascending the stairs.
As you read the scroll of identify, it crumbles to dust.
j - a scroll of amnesia The phantom hits you.
The phantom blinks!
You blink.
As you read the scroll labelled REXTAL INITECK, it crumbles to dust.
You hear a loud clanging noise!
It was a scroll of noise.
The phantom hits you.
As you read the scroll labelled KUN VUOLIT, it crumbles to dust.
The creatures around you are filled with an inner flame!
It was a scroll of immolation.
The phantom hits you but does no damage.
As you read the scroll labelled FAFAIG OCWE, it crumbles to dust.
Your body is wracked with pain!
It was a scroll of torment.
The phantom hits you.
* * * LOW HITPOINT WARNING * * *
It was a potion of heal wounds.
You feel much better. The phantom hits you.
The phantom blinks!
You blink.
The air fills with toxic fumes!
As you read the scroll labelled DOEHESHROHO, it crumbles to dust.
It was a scroll of poison.
The phantom closely misses you.
It was a potion of attraction.
You feel attractive to monsters. The phantom barely misses you.
Casting: Dazzling Flash (quite dangerous; 13% risk of failure)
Confirm with . or Enter, or press ? or * to list all spells.
Aiming: Searing Ray (safe; 2% risk of failure)
Press: ? - help, Shift-Dir - straight line, f - phantom
Aim: a phantom (inner flame, 71% to hit)
The searing ray hits the phantom.
Flame seeps out of the phantom.
The phantom is lightly damaged. (Press . to maintain the ray.)
The phantom is engulfed in blazing flames.
Flame seeps out of the phantom.
The phantom hits you.
The searing ray misses the phantom.
The phantom is engulfed in blazing flames.
The phantom explodes!
The fiery explosion engulfs you!!!
Ouch! That really hurt!
You die...
Your body disappears without a glow.

..#...#...# #.....#
#.##.##...# ###§###
#.......### ##§§§..##
###....## ##§§§§§§§##
##.#.# #§§§§§§§§§#
###...#####§8§§§§§8§#
##...#.....#§§§§§§§§§#
#.......#####§§§§§§§##
#.≈._.≈.....##§○@§§##
#.....§.####.#######
######.......#
#########


There were no monsters in sight!

Vanquished Creatures
  A phantom (D:4)
  3 orc wizards (D:3)
  2 adders (D:3)
  2 worms
  11 orcs (D:3)
  3 ball pythons
  6 endoplasms
  2 giant cockroaches (D:3)
  4 goblins
  4 hobgoblins (D:1)
  6 jackals
  10 kobolds
  2 quokkas (D:3)
  5 bats
  3 frilled lizards
  4 rats
68 creatures vanquished.

Vanquished Creatures (others)
  2 fulminant prisms (D:3)
2 creatures vanquished.

Grand Total: 70 creatures vanquished

Notes
Turn   | Place    | Note
-------+----------+-------------------------------------------
     0 | D:1      | odemus the Human Conjurer began the quest for the Orb.
     0 | D:1      | Reached XP level 1. HP: 13/13 MP: 3/3
   212 | D:1      | Reached XP level 2. HP: 19/19 MP: 0/5
   592 | D:1      | Reached XP level 3. HP: 23/24 MP: 1/6
  1122 | D:2      | Learned a level 2 spell: Searing Ray
  1706 | D:3      | Reached XP level 4. HP: 30/30 MP: 3/7
  2174 | D:3      | Reached XP level 5. HP: 26/35 MP: 5/9
  2197 | D:3      | Learned a level 4 spell: Fulminant Prism
  2280 | D:3      | Reached skill level 5 in Conjurations
  2592 | D:3      | Found a snail-covered altar of Cheibriados.
  3258 | D:4      | Found an opulent altar of Gozag.
  3258 | D:4      | Found a sparkling altar of Nemelex Xobeh.
  3274 | D:4      | Became a worshipper of Nemelex Xobeh the Trickster
  3280 | D:4      | Learned a level 3 spell: Dazzling Flash
  3299 | D:4      | Found an iron altar of Okawaru.
  3315 | D:4      | Found a bloodstained altar of Trog.
  3325 | D:4      | Noticed a phantom
  3378 | D:4      | Killed a phantom
  3378 | D:4      | Killed by an exploding phantom... ignited by their inner
                  | flame

Illustrated notes

Levels and vault maps discovered:
D:1:      dpeg_arrival_refuge, layout_basic
D:2:      layout_basic
D:3:      layout_loops_corners, nicolae_overflow_crystal_walls
D:4:      layout_loops_cross, grunt_temple_overflow_opulence,
          okawaru_gym_becter, mainiacjoe_overflow_tiny_flanked,
          minmay_temple_entry_enclosed_plants, lexackson_kobold_supper

Skill      XL: |  1  2  3  4  5 |
---------------+----------------+-----
Conjurations   | 5 |  5.2
Spellcasting   | 3 |  3.2
Stealth        | 3 |  3.0
Fighting       | |  0.4
Short Blades   | |  0.2
Dodging        | |  2.5

Action                     |  1- 3 |  4- 6 || total
---------------------------+-------+-------++-------
  Melee: Dagger            |     8 |    10 ||    18
   Cast: Magic Dart        |    64 |    45 ||   109
         Searing Ray       |       |    17 ||    17
         Fulminant Prism   |       |     2 ||     2
         Dazzling Flash    |       |     1 ||     1
    Use: Scroll            |       |     7 ||     7
         Potion            |       |     3 ||     3
 Armour: Robe              |    11 |     8 ||    19
  Dodge: Dodged            |    33 |    37 ||    70

Table legend: (Time is in decaauts)
 A = Elapsed time spent in this place.
 B = Non-inter-level travel time spent in this place.
 C = Inter-level travel time spent in this place.
 D = Time resting spent in this place.
 E = Time spent auto-exploring this place.
 F = Levels seen in this place.
 G = Mean time per level.
                   A        B        C        D        E       F      G
               +--------+--------+--------+--------+--------+-----+--------+
         Total |   3382 |   3382 |      0 |      5 |    315 |   4 |  845.5 |
       Dungeon |   3382 |   3382 |      0 |      5 |    315 |   4 |  845.5 |
               +--------+--------+--------+--------+--------+-----+--------+

Top non-repeatable levels by time:
     D:3: 1586 daAuts
     D:1: 1077 daAuts
     D:2: 596 daAuts
     D:4: 122 daAuts
